 Dungeon Crawl Stone Soup version 0.23.0-42-geed6394 (webtiles) character file.

Game seed: 16349880641157264796

67 SkeletonJelly the Cutter (level 4, -8/35 HPs)
             Began as a Vampire Chaos Knight on Feb 28, 2019.
             Was a Plaything of Xom.
             Mangled by a river rat (13 damage)
             ... led by Robin
             ... on level 2 of the Dungeon.
             The game lasted 00:06:47 (3112 turns).

SkeletonJelly the Cutter (Vampire Chaos Knight)     Turns: 3112, Time: 00:06:48

Health: -8/35      AC:  2    Str: 11    XL:     4   Next: 0%
Magic:  4/4        EV: 13    Int: 14    God:    Xom [.*....]
Gold:   139        SH:  0    Dex: 14    Spells: 3/3 levels left

rFire    . . .     SeeInvis +   a - +0 short sword (chaos)
rCold    + . .     Gourm    .   (no shield)
rNeg     + + +     Faith    .   m - +0 robe
rPois    +         Spirit   .   (no helmet)
rElec    .         Reflect  .   (no cloak)
rCorr    .         Harm     .   (no gloves)
MR       .....                  (no boots)
Stlth    +++.......             (no amulet)
HPRegen  0.05/turn              n - ring of positive energy
MPRegen  0.09/turn              (no ring)

@: regenerating slowly
A: fangs 3, see invisible, unbreathing
a: Bat Form, Renounce Religion


You were on level 2 of the Dungeon.
You worshipped Xom.
You were a plaything of Xom.
You were near bloodless.

You visited 1 branch of the dungeon, and saw 2 of its levels.

You collected 139 gold pieces.

Inventory:

Hand Weapons
 a - a +0 short sword of chaos (weapon)
Armour
 b - a +2 leather armour
 m - a +0 robe (worn)
Jewellery
 n - a ring of positive energy (left hand)
Scrolls
 d - a scroll of amnesia {unknown}
 f - a scroll of magic mapping {unknown}
 g - 3 scrolls of identify
 h - a scroll of noise {unknown}
 j - 2 scrolls of remove curse {unknown}
 o - a scroll of enchant armour {unknown}
Potions
 c - 6 potions of blood
 e - 2 potions of lignification {unknown}
 i - 2 potions of heal wounds {unknown}
 k - a potion of mutation {unknown}
 l - a potion of flight {unknown}
 p - a potion of invisibility {unknown}
 q - a potion of haste


   Skills:
 + Level 3.1 Fighting
 + Level 3.7 Short Blades
 - Level 1.0 Armour
 + Level 2.8 Dodging
 * Level 3.4 Stealth


You had 3 spell levels left.
You didn't know any spells.
Your spell library was empty.

Dungeon Overview and Level Annotations

Branches:
Dungeon (2/15)

Altars:
Hepliaklqana
Vehumet
Yredelemnul


Innate Abilities, Weirdness & Mutations

You heal slowly.
You have razor-sharp teeth.
You have supernaturally acute eyesight. (SInv)
You can survive without breathing.


Message History

You are too injured to fight recklessly!
You are too injured to fight recklessly!
You are too injured to fight recklessly!
You are too injured to fight recklessly!
You swap places.
The river rat misses your butterfly.
Things that are here:
a +0 dagger; a goblin corpse The river rat completely misses your butterfly.
Something completely misses your butterfly.
The river rat completely misses your butterfly.
The river rat closely misses your butterfly.
The river rat barely misses your butterfly.
You see here a +0 dagger.
The river rat misses your butterfly.
Your butterfly disappears in a puff of smoke!
The river rat bites your butterfly!
Your butterfly dies!
You see here a +0 dagger.
The river rat bites you!
You die...

#.# #.# ##.#########
...))......### ##.#######...# ##.#
###.#.# ######## ##.# #.._..#
#......#
##.#####.#.######.####.##########
.....ยง)...b.b.)r@..<...%.........
############.####.#.##.##########
######'####.#....###
#.........#.#......#
##.........#.)......#
#...(......###......#
######..#...#.))# #......#
.......###)###..# #......#
........#...#...###......#


You could see a river rat (berserk).

Vanquished Creatures
  Robin (D:2)
  A worm (D:2)
  A dart slug (D:1)
  A leopard gecko (D:1)
  2 giant cockroaches (D:2)
  10 goblins
  8 hobgoblins
  3 jackals (D:2)
  5 bats
  A frilled lizard (D:2)
  2 kobolds
  8 rats
43 creatures vanquished.

Vanquished Creatures (collateral kills)
  A gnoll (D:1)
  A goblin (D:2)
2 creatures vanquished.

Grand Total: 45 creatures vanquished

Notes
Turn   | Place    | Note
-------+----------+-------------------------------------------
     0 | D:1      | SkeletonJelly the Vampire Chaos Knight began the quest for
                  | the Orb.
     0 | D:1      | Reached XP level 1. HP: 17/17 MP: 1/1
    73 | D:1      | Reached skill level 1 in Stealth
    75 | D:1      | Reached XP level 2. HP: 23/23 MP: 2/2
    78 | D:1      | Reached skill level 1 in Armour
    84 | D:1      | XOM: silly message
   399 | D:1      | XOM: harmless Erth miscast
   418 | D:1      | XOM: harmless Fire miscast
   430 | D:1      | XOM: summons friendly shadow imp
   506 | D:1      | XOM: noise
   888 | D:1      | XOM: mild Tmut miscast
  1160 | D:2      | Reached XP level 3. HP: 28/28 MP: 3/3
  1172 | D:2      | Found a radiant altar of Vehumet.
  1173 | D:2      | Noticed Terence
  1184 | D:2      | XOM: potion effect (haste)
  1265 | D:2      | Found a basalt altar of Yredelemnul.
  1350 | D:2      | XOM: silly message
  1382 | D:2      | Found a hazy altar of Hepliaklqana.
  1425 | D:2      | Noticed Robin
  1445 | D:2      | XOM: enchant monster (good)
  1453 | D:1      | XOM: harmless Fire miscast
  3088 | D:2      | Killed Robin
  3088 | D:2      | Reached XP level 4. HP: 34/35 MP: 4/4
  3094 | D:2      | XOM: butterfly on damage
  3112 | D:2      | Mangled by a river rat

Skill      XL: |  1  2  3 |
---------------+----------+-----
Stealth        | 1 2 3 |  3.4
Armour         | 1 |  1.0
Fighting       | 3 |  3.1
Short Blades   | |  3.7
Dodging        | |  2.8

Action                   |  1- 3 |  4- 6 || total
-------------------------+-------+-------++-------
Melee: Short sword       |   128 |     6 ||   134
       Bite              |    11 |       ||    11
  Use: Potion            |     3 |       ||     3
       Scroll            |     1 |       ||     1
 Stab: Sleeping          |     2 |       ||     2
Armor: Leather armour    |    15 |       ||    15
       Robe              |    12 |       ||    12
Dodge: Dodged            |    60 |     3 ||    63
